 Dungeon Crawl Stone Soup version 0.30.1-11-g7821555f0a (webtiles) character file.

Game seed: 14170718124445582073

3810 monsoonserge the Skirmisher (level 9, 0/47 HPs)
             Began as a Spriggan Hunter on Nov 3, 2023.
             Was a Priest of Okawaru.
             Slain by a hornet (12 damage)
             ... on level 9 of the Dungeon.
             The game lasted 00:25:31 (8803 turns).

monsoonserge the Skirmisher (Spriggan Hunter)       Turns: 8803, Time: 00:25:31

Health: 0/47       AC: 11    Str:  7    XL:     9   Next: 96%
Magic:  14/15      EV: 25    Int: 11    God:    Okawaru [***...]
Gold:   283        SH:  0    Dex: 22    Spells: 12/15 levels left

rFire   . . .        a - +0 shortbow
rCold   . . .        (shield currently unavailable)
rNeg    . . .        G - +0 steam dragon scales
rPois   .            (helmet restricted)
rElec   .            n - +0 cloak
rCorr   .            (gloves unavailable)
SInv    +            (boots unavailable)
Will    +....        (no amulet)
Stlth   ++++         d - +4 ring of protection
HPRegen 0.27/turn    (no ring)
MPRegen 0.14/turn

%: no passive effects
@: heroic, slowed, quick
A: very small, no large weapons, unfitting armour, see invisible, speed 3
a: Renounce Religion, Heroism


You were on level 9 of the Dungeon.
You worshipped Okawaru.
Okawaru was most pleased with you.
You visited 2 branches of the dungeon, and saw 10 of its levels.

You collected 448 gold pieces.
You spent 165 gold pieces at shops.

Inventory:

Hand Weapons
 a - a +0 shortbow (weapon)
 g - a +0 sling
Missiles
 f - 6 curare-tipped darts
 h - 4 atropa-tipped darts
 m - 3 throwing nets
 y - 17 poisoned darts
Armour
 n - a +0 cloak (worn)
 G - +0 steam dragon scales (worn)
Magical Staves
 p - a staff of air
Jewellery
 d - a +4 ring of protection (left hand)
 F - a ring of positive energy
Wands
 E - a wand of iceblast (16)
 H - a wand of digging (3)
Scrolls
 b - a scroll of immolation
 c - a scroll of fear {unknown}
 e - a scroll of enchant weapon
 j - 4 scrolls of poison {unknown}
 l - 3 scrolls of fog
 o - 4 scrolls of teleportation
 t - 3 scrolls of silence {unknown}
 v - 2 scrolls of torment
 w - a scroll of brand weapon
 B - a scroll of magic mapping
Potions
 i - 3 potions of flight
 k - a potion of might
 q - 4 potions of curing
 r - a potion of resistance
 s - a potion of attraction
 u - 5 potions of heal wounds
 x - a potion of haste
 z - 2 potions of berserk rage {unknown}
 A - a potion of brilliance
 C - a potion of ambrosia
 D - a potion of mutation {unknown}


   Skills:
 + Level 5.0(10.0) Fighting
 + Level 11.2(16.2) Ranged Weapons
 + Level 4.5(9.5) Dodging
 + Level 3.8(8.8) Stealth
 * Level 3.8 Spellcasting
 - Level 2.0 Conjurations
 * Level 2.4 Air Magic
 * Level 3.0 Poison Magic
 + Level 2.4 Invocations


You had 12 spell levels left.
You knew the following spells:

 Your Spells              Type           Power      Damage    Failure   Level
a - Mephitic Cloud        Conj/Pois/Air  7%         N/A       26%         3

Your spell library contained the following spells:

 Spells                   Type           Power      Damage    Failure   Level
 Magic Dart               Conj           24%        1d4       11%         1
 Sandblast                Erth           4%         2d4       24%         1
 Lesser Beckoning         Tloc           4%         N/A       36%         2
 Passwall                 Tmut/Erth      1%         N/A       36%         2
 Vhi's Electric Charge    Tloc/Air       8%         N/A       41%         3
 Stone Arrow              Conj/Erth      8%         3d7       43%         3
 Gell's Gravitas          Tloc           2%         N/A       58%         3
 Portal Projectile        Hex/Tloc       4%         N/A       58%         3
 Teleport Other           Tloc           2%         N/A       58%         3
 Leda's Liquefaction      Hex/Erth       1%         N/A       94%         4
 Arcjolt                  Conj/Air       3%         1d13      95%         5
 Lee's Rapid Deconstruct  Erth           1%         3d4*      100%        5
 Plasma Beam              Fire/Air       2%         2x1d13    100%        6
 Statue Form              Tmut/Erth      1%         N/A       100%        6
 Call Imp                 Summ           Unusable   N/A       N/A         2
 Call Canine Familiar     Summ           Unusable   N/A       N/A         3

Dungeon Overview and Level Annotations

Branches:
Dungeon (9/15)             Temple (1/1) D:5
   Lair: D:8-11         Orc: D:9-12

Altars:
Ashenzari
Cheibriados
Dithmenos
Elyvilon
Fedhas
Hepliaklqana
Makhleb
Nemelex Xobeh
Okawaru
Qazlal
Ru
Sif Muna
Trog
Uskayaw
Vehumet
Wu Jian
Xom
Yredelemnul
Zin
The Shining One
Jiyva

Shops:
D:2 :   D:4 !


Innate Abilities, Weirdness & Mutations

You are very small and have problems with some larger weapons.
You are too small for most types of armour.
You have supernaturally acute eyesight. (SInv)
You cover ground extremely quickly. (Speed+++)


Message History

Aim: a hornet (heavily wounded, 65% to hit)
You shoot an arrow. The arrow barely misses the hornet.
The hornet stings you but does no damage.
Unknown command.
Okay, then.
Casting: Mephitic Cloud (dangerous; 26% risk of failure)
Confirm with . or Enter, or press ? or * to list all spells.
Okay, then.
Fire: a) +0 shortbow
Press: ? - help, Q - select action, (/) - cycle Shift-Dir - straight line, f/p - hornet
Aim: a hornet (heavily wounded, 65% to hit)
You shoot an arrow. The arrow misses the hornet.
You feel sick.
The hornet stings you but does no damage.
Fire: a) +0 shortbow
Press: ? - help, Q - select action, (/) - cycle Shift-Dir - straight line, f/p - hornet
Aim: a hornet (heavily wounded, 65% to hit)
You shoot an arrow.
The arrow hits the hornet but does no damage.
The hornet is heavily wounded.
You feel sick. The hornet completely misses you.
Fire: a) +0 shortbow
Press: ? - help, Q - select action, (/) - cycle Shift-Dir - straight line, f/p - hornet
Aim: a hornet (heavily wounded, 65% to hit)
You shoot an arrow.
The arrow hits the hornet but does no damage.
The hornet is heavily wounded.
You feel sick. The hornet stings you.
* * * LOW HITPOINT WARNING * * *
You feel yourself slow down.
Unknown command.
Fire: a) +0 shortbow
Press: ? - help, Q - select action, (/) - cycle Shift-Dir - straight line, f/p - hornet
Aim: a hornet (heavily wounded, 65% to hit)
You shoot an arrow. The arrow hits the hornet!
The hornet is almost dead.
You feel sick.
You are no longer poisoned.
The hornet misses you. The hornet stings you!
You die...

.J..###.## #. #..
...J..#.# #. #.. ###
#)#J.##.# ##. #.. #.# #
#.##..# ##.. #.. ...
######.#.####... #.. #.#
#.# #.#........ #.. #.#
#.# ##.#.######.
#..##.###.###....###....
#.....y@..##....)..)....
##.##.###..))........###
#....# ####.....#####
####.# ##...##
#.########.##
#........).#
############


You could see a hornet.

Vanquished Creatures
  2 wyverns
  A yak (D:9)
  A steam dragon (D:7)
  2 water moccasins
  2 orc warriors
  A sky beast (D:9)
  2 black bears
  2 ogres (D:5)
  A centaur (D:8)
  A kobold brigand (D:7)
  4 bullfrogs
  A gnoll sergeant (D:9)
  3 scorpions (D:5)
  14 wights
  6 killer bees
  3 howler monkeys
  2 jellies (D:6)
  A sleepcap (D:6)
  2 orc priests
  3 hounds
  Jessica (D:3)
  Terence (D:3)
  An iguana (D:5)
  An orc wizard (D:4)
  12 gnolls
  7 adders
  3 ufetubi
  3 worms (D:2)
  2 dart slugs
  20 orcs
  6 ball pythons
  4 bats
  5 endoplasms
  7 giant cockroaches
  5 goblins
  7 hobgoblins
  5 jackals
  8 kobolds
  5 quokkas
  4 frilled lizards
  4 rats
165 creatures vanquished.

Notes
Turn   | Place    | Note
-------+----------+-------------------------------------------
     0 | D:1      | monsoonserge the Spriggan Hunter began the quest for the
                  | Orb.
     0 | D:1      | Reached XP level 1. HP: 10/10 MP: 2/2
    81 | D:1      | Reached XP level 2. HP: 15/15 MP: 3/3
   224 | D:1      | Reached XP level 3. HP: 18/18 MP: 4/4
   292 | D:1      | Found a faded altar of an unknown god.
   360 | D:1      | Reached skill level 5 in Ranged Weapons
   899 | D:2      | Found Gioxaceg's Book Shoppe.
   942 | D:2      | Reached XP level 4. HP: 23/23 MP: 5/5
  1106 | D:3      | Found a bloodstained altar of Trog.
  1119 | D:3      | Found an ornate altar of the Wu Jian Council.
  1135 | D:3      | Noticed Terence
  1174 | D:3      | Killed Terence
  1349 | D:3      | Reached XP level 5. HP: 26/26 MP: 6/6
  1384 | D:3      | Noticed Jessica
  1386 | D:3      | Killed Jessica
  1387 | D:3      | Reached skill level 6 in Ranged Weapons
  1551 | D:3      | Identified the +3 falchion of Ruination {freeze, rPois
                  | Str+4}
  1753 | D:4      | Noticed a black bear
  2078 | D:4      | Noticed a black bear
  2125 | D:3      | Killed a black bear
  2126 | D:3      | Reached XP level 6. HP: 32/32 MP: 7/7
  2164 | D:4      | Found Reuxafox's Distillery.
  2253 | D:4      | Reached skill level 7 in Ranged Weapons
  2760 | D:4      | Bought a potion of haste for 110 gold pieces
  2760 | D:4      | Bought a potion of heal wounds for 55 gold pieces
  2785 | D:5      | Entered Level 5 of the Dungeon
  2811 | D:5      | Reached XP level 7. HP: 36/36 MP: 8/8
  3244 | D:5      | Reached skill level 8 in Ranged Weapons
  3389 | D:5      | Found a staircase to the Ecumenical Temple.
  3418 | Temple   | Entered the Ecumenical Temple
  3619 | Temple   | Became a worshipper of Warmaster Okawaru
  4351 | D:6      | Found a snail-covered altar of Cheibriados.
  4439 | D:6      | Learned a level 3 spell: Mephitic Cloud
  4622 | D:6      | Reached * piety under Okawaru
  4623 | D:6      | Reached XP level 8. HP: 41/42 MP: 9/9
  4808 | D:6      | Reached skill level 9 in Ranged Weapons
  4808 | D:6      | Reached skill level 1 in Invocations
  5247 | D:6      | HP: 2/42 [poisoned by a kobold brigand (curare-tipped
                  | dart)]
  6320 | D:9      | Reached skill level 10 in Ranged Weapons
  6320 | D:9      | Reached skill level 1 in Spellcasting
  6438 | D:9      | Reached skill level 1 in Poison Magic
  6504 | D:9      | Reached skill level 1 in Air Magic
  6504 | D:9      | Reached XP level 9. HP: 26/46 MP: 10/12
  6662 | D:9      | Reached ** piety under Okawaru
  6663 | D:9      | Reached skill level 1 in Conjurations
  7949 | D:7      | Reached *** piety under Okawaru
  7950 | D:7      | Reached skill level 11 in Ranged Weapons
  8465 | D:9      | Reached skill level 5 in Fighting
  8748 | D:9      | Found a viscous altar of Jiyva.
  8789 | D:9      | Paralysed by a hornet for 2 turns
  8803 | D:9      | Slain by a hornet

Illustrated notes

Levels and vault maps discovered:
D:1:      dpeg_arrival_rhombus, layout_rooms, ebering_ecumenical_altar_webs
D:2:      layout_basic, serial_shops, nicolae_shop_back_alley_shop,
          kennysheep_boxes
D:3:      layout_loops_ring, mainiacjoe_overflow_catwalk_spiral, uniq_jessica,
          uniq_terence
D:4:      layout_basic, serial_shops, shop
D:5:      layout_basic, temple_doors_e, chequers_serial_rivers_micro_d,
          kennysheep_path_1, hex_tiny
D:6:      layout_basic, kennysheep_slug_shrine, serial_curves, eino_curves_02,
          eino_curves_02
D:7:      layout_basic, hangedman_decor_clover_reticule
D:8:      layout_rooms, minivault_5, hex_intersection
D:9:      gammafunk_jiyva_shrine, layout_loops_ring
Temple:   bh_familiar_temple

Skill      XL: |  1  2  3  4  5  6  7  8  9 |
---------------+----------------------------+-----
Ranged Weapons | 5 6 7 8 10 11 | 11.2
Fighting       | 2 3 4 5 |  5.0
Dodging        | 3 4 |  4.5
Stealth        | 2 3 |  3.8
Invocations    | 2 |  2.4
Spellcasting   | 1 3 |  3.8
Poison Magic   | 1 3 |  3.0
Air Magic      | 1 2 |  2.4
Conjurations   | 2 |  2.0

Action                     |  1- 3 |  4- 6 |  7- 9 || total
---------------------------+-------+-------+-------++-------
   Fire: Shortbow          |   129 |   132 |   581 ||   842
 Invoke: Heroism           |       |       |     3 ||     3
    Use: Scroll            |       |     8 |     5 ||    13
         Potion            |       |       |     2 ||     2
 Armour: Robe              |     6 |     6 |    34 ||    46
         Steam dragon scal |       |       |     7 ||     7
  Dodge: Dodged            |    49 |    34 |   231 ||   314
